 Dungeon Crawl Stone Soup version 0.21.0-25-ge575cb9 (webtiles) character file.

151 halftheisland the Cudgeler (level 5, -2/79 HPs)
             Began as a Troll Berserker on Jan 26, 2018.
             Was a Believer of Trog.
             Slain by Monsterracer's ghost (10 damage)
             ... on level 3 of the Dungeon.
             The game lasted 00:08:46 (1837 turns).

halftheisland the Cudgeler (Troll Berserker)        Turns: 1837, Time: 00:08:46

Health: -2/79      AC:  5    Str: 30    XL:     5   Next: 10%
Magic:  4/4        EV: 10    Int:  8    God:    Trog [**....]
Gold:   94         SH:  0    Dex: 10    Spells: 4/4 levels left

rFire    . . .     SeeInvis .   a - +0 mace
rCold    . . .     Gourm    +   (no shield)
rNeg     . . .     Faith    .   b - +0 animal skin
rPois    .         Spirit   .   (helmet restricted)
rElec    .         Reflect  .   (no cloak)
rCorr    .         Harm     .   (gloves unavailable)
MR       .....                  (boots unavailable)
Stlth    ..........             (no amulet)
HPRegen  0.63/turn              e - +5 ring of intelligence
MPRegen  0.09/turn              (no ring)

@: berserking, very quick
A: large, unfitting armour, claws 3, fast metabolism 3, gourmand, regeneration
1, shaggy fur 1, tough skin 2
a: Berserk, Trog's Hand, Burn Spellbooks, Renounce Religion


You were on level 3 of the Dungeon.
You worshipped Trog.
Trog was pleased with you.
You were very full.

You visited 1 branch of the dungeon, and saw 3 of its levels.

You collected 94 gold pieces.

Inventory:

Hand Weapons
 a - a +0 mace (weapon)
Armour
 b - a +0 animal skin (worn)
Jewellery
 e - a +5 ring of intelligence (left claw)
 i - an uncursed amulet of rage
 k - an uncursed amulet of the gourmand
Scrolls
 d - 3 scrolls of remove curse
 f - 3 scrolls of teleportation
 h - a scroll of identify
Potions
 g - a potion of resistance
Comestibles
 c - 4 rations


   Skills:
 + Level 3.2 Fighting
 + Level 4.1 Maces & Flails
 + Level 3.1 Dodging
 + Level 0.2 Stealth


You had 4 spell levels left.
You didn't know any spells.

Dungeon Overview and Level Annotations

Branches:
Dungeon (3/15)

Altars:
Fedhas
Trog
The Shining One

Annotations:
D:3 Monsterracer's ghost, amateur MiGl


Innate Abilities, Weirdness & Mutations

You are too large for most types of armour.
You have claws for hands.
Your metabolism is lightning-fast.
You like to eat raw meat.
Your natural rate of healing is unusually fast.
You are covered in fur. (AC +1)
You have very tough skin. (AC +2)


Message History

* * * LOW HITPOINT WARNING * * *
You sock Monsterracer's ghost!
Monsterracer's ghost is moderately damaged.
Monsterracer's ghost hits you but does no damage.
You closely miss Monsterracer's ghost.
Monsterracer's ghost is moderately damaged.
Monsterracer's ghost hits you!
* * * LOW HITPOINT WARNING * * *
A red film seems to cover your vision as you go berserk!
You feel yourself moving faster!
You feel mighty!
You feel quite a bit less full.
Monsterracer's ghost hits you but does no damage.
You hit Monsterracer's ghost.
Monsterracer's ghost is heavily damaged.
Monsterracer's ghost hits you.
* * * LOW HITPOINT WARNING * * *
You barely miss Monsterracer's ghost.
Monsterracer's ghost is heavily damaged.
Monsterracer's ghost hits you!
You die...

## .. ### . ..#
#.##.##
#####.#W..#####
.......@......#
#####.#...###.#
#.##.####
#.##....#
##.#####.#
#........#
#..####....#
#...........#
#.#####........


You could see Monsterracer's ghost.

Vanquished Creatures
  A hound (D:2)
  4 gnolls (D:3)
  2 adders (D:2)
  A worm (D:2)
  A dart slug (D:2)
  7 giant cockroaches
  4 goblins
  7 hobgoblins
  7 jackals
  A quokka (D:2)
  5 bats
  7 frilled lizards
  7 kobolds
  6 rats
60 creatures vanquished.

Notes
Turn   | Place    | Note
-------+----------+-------------------------------------------
     0 | D:1      | halftheisland the Troll Berserker began the quest for the Orb.
     0 | D:1      | Reached XP level 1. HP: 22/22 MP: 0/0
   116 | D:1      | Reached XP level 2. HP: 28/29 MP: 1/1
   151 | D:1      | Reached skill level 3 in Maces & Flails
   521 | D:1      | Reached XP level 3. HP: 36/36 MP: 2/2
   888 | D:2      | Reached ** piety under Trog
  1131 | D:2      | Found a bloodstained altar of Trog.
  1367 | D:2      | Reached XP level 4. HP: 45/45 MP: 3/3
  1554 | D:2      | Found a blossoming altar of Fedhas.
  1697 | D:2      | Found a glowing golden altar of the Shining One.
  1756 | D:3      | Reached skill level 4 in Maces & Flails
  1756 | D:3      | Reached XP level 5. HP: 53/53 MP: 4/4
  1827 | D:3      | Noticed Monsterracer's ghost (amateur MiGl)
  1837 | D:3      | Slain by Monsterracer's ghost

Skill      XL: |  1  2  3  4 |
---------------+-------------+-----
Maces & Flails | 3 4 |  4.1
Dodging        | 3 |  3.1
Fighting       | 3 |  3.2
Stealth        | |  0.2

Action                   |  1- 3 |  4- 6 || total
-------------------------+-------+-------++-------
Melee: Mace              |   141 |    57 ||   198
Invok: Berserk           |       |     2 ||     2
  Use: Scroll            |     7 |       ||     7
       Potion            |     3 |       ||     3
  Eat: Chunk             |    14 |     9 ||    23
Armor: Animal skin       |    60 |    13 ||    73
Dodge: Dodged            |    78 |    32 ||   110
